 Dungeon Crawl Stone Soup version 0.28-a0-664-gc179e30c89 (webtiles) character file.

Game seed: 9928673776597341074

847 acebull12 the Magician (level 8, 0/58 HPs)
             Began as a Djinni Fire Elementalist on Oct 17, 2021.
             Slain by a steam dragon (10 damage)
             ... on level 5 of the Dungeon.
             The game lasted 00:11:49 (6945 turns).

acebull12 the Magician (Djinni Fire Elementalist)   Turns: 6945, Time: 00:11:50

Health: 0/58       AC:  4    Str:  7    XL:     8   Next: 20%
Gold:   299        EV: 13    Int: 18    God:
                   SH:  5    Dex: 21

rFire   + + .      SeeInvis .   (no weapon)
rCold   x . .      Faith    .   (no shield)
rNeg    . . .      Spirit   .   a - +0 robe
rPois   ∞          Reflect  +   j - +0 helmet
rElec   .          Harm     .   n - +0 cloak
rCorr   .          Rampage  .   (no gloves)
Will    .....                   (boots unavailable)
Stlth   ++........              d - amulet of reflection
HPRegen 0.19/turn               g - +6 ring of dexterity
MPRegen 0.00/turn               (no ring)

@: flying
A: sickness immunity, fire resistance 2, cold vulnerability 1, float, innate
caster, hp casting, extra vitality 1
a: no special abilities


You were on level 5 of the Dungeon.
You visited 1 branch of the dungeon, and saw 5 of its levels.

You collected 299 gold pieces.

Inventory:

Armour
 a - a +0 robe (worn)
 j - a +0 helmet (worn)
 n - a +0 cloak (worn)
Jewellery
 d - an amulet of reflection (around neck)
 g - a +6 ring of dexterity (left hand)
 i - a +4 ring of evasion
 m - an amulet of the acrobat
Scrolls
 c - a scroll of summoning
 e - a scroll of identify
 f - 3 scrolls of teleportation
 h - a scroll of noise {unknown}
Potions
 b - a potion of lignification {unknown}
 k - a potion of heal wounds


   Skills:
 * Level 3.8 Fighting
 + Level 2.6 Dodging
 - Level 2.0 Stealth
 + Level 6.1 Spellcasting


You had one spell level left.
You knew the following spells:

 Your Spells              Type           Power      Damage    Failure   Level
a - Foxfire               Conj/Fire      100%       2x1d9     1%          1
b - Scorch                Fire           54%        2d8       1%          2
c - Conjure Flame         Conj/Fire      27%        6-21      2%          3
d - Inner Flame           Hex/Fire       27%        N/A       2%          3
e - Flame Wave            Conj/Fire      27%        3d6       10%         4
f - Pain                  Necr           100%       1d9       1%          1
g - Static Discharge      Conj/Air       27%        N/A       1%          2
h - Ensorcelled Hibernat  Hex/Ice        54%        N/A       1%          2
Your spell library was empty.

Dungeon Overview and Level Annotations

Branches:
Dungeon (5/15)
 Temple: D:4-7

Altars:
Cheibriados
Sif Muna
Zin

Shops:
D:5 ?=(


Innate Abilities, Weirdness & Mutations

You are immune to sickness and miasma.
You are immune to poison.
Your flesh is very heat resistant. (rF++)
You are vulnerable to cold. (rC-)
You float through the air rather than walking.
You learn spells naturally, not from books.
Your magical power is your life essence.
You have superior vitality. (+4 HP)


Message History

Aim: a steam dragon (heavily wounded, catching its breath, chance to affect: 84%)
The steam dragon barely resists.
The steam dragon closely misses you. The steam dragon claws you.
Casting: Pain (safe; 1% risk of failure)
Confirm with . or Enter, or press ? or * to list all spells.
You conjure some foxfire!
The steam dragon completely misses you. The steam dragon barely misses you.
Sorry, you're not good enough to have a special ability.
Unknown command.
The foxfire hits the steam dragon but does no damage.
The steam dragon is heavily wounded.
The steam dragon closely misses you. The steam dragon claws you.
Casting: Foxfire (safe; 1% risk of failure)
Confirm with . or Enter, or press ? or * to list all spells.
You conjure some foxfire!
The steam dragon breathes steam at you. The ball of steam hits you. You resist.
The foxfire hits the steam dragon!
The steam dragon is severely wounded.
The steam dragon breathes steam at you. The ball of steam hits you. You resist.
Casting: Foxfire (safe; 1% risk of failure)
Confirm with . or Enter, or press ? or * to list all spells.
Aiming: Pain (safe; 1% risk of failure)
Press: ? - help, Shift-Dir - straight line, f/p - steam dragon
Aim: a steam dragon (severely wounded, catching its breath, chance to affect: 84%)
The steam dragon barely resists.
The steam dragon closely misses you. The steam dragon claws you.
* * * LOW HITPOINT WARNING * * *
Casting: Pain (safe; 1% risk of failure)
Confirm with . or Enter, or press ? or * to list all spells.
You conjure some foxfire!
* * * LOW HITPOINT WARNING * * *
The steam dragon bites you.
* * * LOW HITPOINT WARNING * * *
The steam dragon closely misses you.
The foxfire hits the steam dragon.
The steam dragon is severely wounded.
The steam dragon bites you!
You die...

# #.# ##.#.# #
#############.# #.#.# #
#.............# #.#.# #
#.###########.# #.#.#
######.# #.# #.#.#
.....#.# #.# #.#.#
####.#.# #.# #.#<#
#.#.###########.######.#.#
#....)......D@#..........#
#.#.#########.########.###
#...# #.# #.#
###.##########.# #.#
###⌠.⌠##.........# #.#
....∩......####### #.#
##.⌠.⌠........# #.#
#######.#.##.###########.#
#.#.##.............#


You could see a steam dragon.

Vanquished Creatures
  Duvessa (D:5)
  3 ogres
  A kobold brigand (D:5)
  A scorpion (D:3)
  Dowan (D:5)
  An orc priest (D:3)
  2 jellies (D:4)
  2 orc wizards
  An iguana (D:5)
  4 adders
  An ufetubus (D:4)
  An adder skeleton (D:4)
  3 worms
  2 dart slugs (D:1)
  11 orcs
  3 ball pythons
  5 bats
  8 endoplasms
  9 giant cockroaches
  8 goblins
  10 hobgoblins
  2 quokkas
  4 frilled lizards
  10 kobolds
  3 rats
97 creatures vanquished.

Vanquished Creatures (others)
  607 foxfires
607 creatures vanquished.

Grand Total: 704 creatures vanquished

Notes
Turn   | Place    | Note
-------+----------+-------------------------------------------
     0 | D:1      | acebull12 the Djinni Fire Elementalist began the quest for
                  | the Orb.
     0 | D:1      | Reached XP level 1. HP: 15/15 MP: 0/0
   360 | D:1      | Reached XP level 2. HP: 12/21 MP: 0/0
   480 | D:1      | Found a faded altar of an unknown god.
  1389 | D:1      | Reached skill level 3 in Spellcasting
  1389 | D:1      | Reached XP level 3. HP: 22/25 MP: 0/0
  1389 | D:1      | Learned a level 1 spell: Pain
  2836 | D:2      | Reached XP level 4. HP: 27/31 MP: 0/0
  3402 | D:3      | Found a glowing silver altar of Zin.
  3898 | D:3      | Reached XP level 5. HP: 27/36 MP: 0/0
  3898 | D:3      | Learned a level 2 spell: Static Discharge
  3976 | D:3      | Reached skill level 4 in Spellcasting
  3981 | D:3      | Reached skill level 1 in Fighting
  4558 | D:3      | Reached XP level 6. HP: 13/42 MP: 0/0
  5105 | D:4      | Noticed an ogre
  5110 | D:4      | Killed an ogre
  5111 | D:4      | Reached skill level 5 in Spellcasting
  5118 | D:4      | Reached XP level 7. HP: 42/49 MP: 0/0
  5118 | D:4      | Learned a level 2 spell: Ensorcelled Hibernation
  5703 | D:5      | Entered Level 5 of the Dungeon
  5755 | D:5      | Found Naahal's Jewellery Emporium.
  5797 | D:5      | Found Giram's Magic Scroll Boutique.
  5811 | D:5      | Noticed Dowan
  5817 | D:5      | Killed Dowan
  5818 | D:5      | Noticed Duvessa
  6246 | D:5      | Found a snail-covered altar of Cheibriados.
  6405 | D:5      | Found Asesoch's Weapon Shop.
  6499 | D:5      | Reached XP level 8. HP: 18/58 MP: 0/0
  6684 | D:5      | Killed Duvessa
  6685 | D:5      | Reached skill level 6 in Spellcasting
  6945 | D:5      | Slain by a steam dragon

Illustrated notes

Levels and vault maps discovered:
D:1:      amcnicky_arrival_feature_with_door, layout_loops_cross,
          basic_ecumenical_altar, st_stairs_8
D:2:      layout_basic, minmay_pentomino_r2
D:3:      layout_basic, mainiacjoe_overflow_boulevard, led_sif_pool,
          guppyfry_early_orc_mine
D:4:      layout_rooms
D:5:      layout_loops_ring, slow_altar_1, chequers_temple_overflow_minitemple,
          serial_shops, shop, nicolae_shop_trees, shop_fountains, shop_coins,
          due_unseen_surprise, uniq_duvessa

Skill      XL: |  1  2  3  4  5  6  7  8 |
---------------+-------------------------+-----
Spellcasting   | 3 4 5 6 |  6.1
Stealth        | 2 |  2.0
Fighting       | 1 2 3 |  3.8
Dodging        | |  2.6

Action                   |  1- 3 |  4- 6 |  7- 9 || total
-------------------------+-------+-------+-------++-------
Melee: Unarmed           |     1 |       |       ||     1
 Cast: Foxfire           |   133 |   146 |   111 ||   390
       Pain              |       |     7 |     9 ||    16
       Static Discharge  |       |       |     4 ||     4
       Ensorcelled Hiber |       |       |     3 ||     3
  Use: Scroll            |       |       |     6 ||     6
Armor: Robe              |     1 |     1 |     2 ||     4
Dodge: Dodged            |     2 |     5 |    12 ||    19
Block: Other             |     1 |     2 |     4 ||     7

Table legend: (Time is in decaauts)
 A = Elapsed time spent in this place.
 B = Non-inter-level travel time spent in this place.
 C = Inter-level travel time spent in this place.
 D = Time resting spent in this place.
 E = Time spent auto-exploring this place.
 F = Levels seen in this place.
 G = Mean time per level.
                   A        B        C        D        E       F      G
               +--------+--------+--------+--------+--------+-----+--------+
         Total |   6946 |   6822 |    124 |    674 |   5432 |   5 | 1389.2 |
       Dungeon |   6946 |   6822 |    124 |    674 |   5432 |   5 | 1389.2 |
               +--------+--------+--------+--------+--------+-----+--------+

Top non-repeatable levels by time:
     D:3: 1689 daAuts
     D:1: 1630 daAuts
     D:2: 1537 daAuts
     D:4: 1096 daAuts
     D:5: 993 daAuts
